 Dungeon Crawl Stone Soup version 0.28.0-53-g5a82cb258f (webtiles) character file.

Game seed: 4067126889969189710

38036 Zeld the Thaumaturge (level 13, -3/118 HPs)
             Began as a Purple Draconian Transmuter on June 4, 2022.
             Was an Initiate of Gozag.
             Killed from afar by a hell hound (15 damage)
             ... with a blast of flame
             ... in a Gauntlet.
             The game lasted 00:39:12 (33315 turns).

Zeld the Thaumaturge (Purple Draconian Transmuter) Turns: 33315, Time: 00:39:12

Health: -3/118     AC:  8    Str: 23    XL:     13   Next: 61%
Magic:  30/30      EV: 14    Int: 16    God:    Gozag
Gold:   708        SH:  0    Dex: 17    Spells: 10/38 levels left

rFire   . . .      SeeInvis .     - Unarmed
rCold   + . .      Faith    .   (no shield)
rNeg    . . .      Spirit   .   (armour unavailable)
rPois   +          Reflect  .   (helmet restricted)
rElec   .          Harm     .   (no cloak)
rCorr   .          Rampage  .   (no gloves)
Will    +....      NoTele   +   (no boots)
Stlth   ++........              (no amulet)
HPRegen 1.09/turn               a - ring of Dechoub {Fly rC+ Str+6 Int+3}
MPRegen 0.22/turn               v - ring of poison resistance

@: flying
A: breathe power, AC +8, unfitting armour, cold-blooded, agile 2, regeneration 1
a: Breathe Dispelling Energy, Renounce Religion, Potion Petition, Call Merchant,
Bribe Branch


You were in a Gauntlet.
You worshipped Gozag.
Gozag was pleased with you.
You visited 3 branches of the dungeon, and saw 16 of its levels.
You also visited: Bailey and Gauntlet.

You collected 5402 gold pieces.
You spent 1570 gold pieces at shops.
You paid 3124 gold pieces to Gozag.

Inventory:

Armour
 d - a scarf of resistance
Jewellery
 a - the ring of Dechoub (left hand) {Fly rC+ Str+6 Int+3}
   (You found it on level 2 of the Lair of Beasts)

   [ring of strength]

   Str:       It affects your strength (+6).
   Int:       It affects your intelligence (+3).
   rC:        It protects you from cold.
   Fly:       It grants you flight.
 j - the ring "Gimo" {MP+9 Str+3 Dex+4}
   (You found it in a Gauntlet)

   [ring of magical power]

   Str:       It affects your strength (+3).
   Dex:       It affects your dexterity (+4).
   MP:        It affects your magic capacity (+9).
 q - a ring of magical power
 s - a ring of willpower
 v - a ring of poison resistance (right hand)
Wands
 c - a wand of mindburst (6)
 w - a wand of paralysis (11)
 y - a wand of polymorph (6)
 z - a wand of iceblast (9)
 B - a wand of acid (5)
 E - a wand of flame (14)
 G - a wand of charming (3)
Scrolls
 b - 7 scrolls of teleportation
 m - 4 scrolls of enchant armour
 o - 3 scrolls of holy word
 r - 8 scrolls of fog
 u - 6 scrolls of amnesia
 x - 4 scrolls of enchant weapon
 C - 6 scrolls of fear
 F - a scroll of summoning
Potions
 e - 2 potions of flight
 f - 11 potions of curing
 g - 2 potions of invisibility
 h - 5 potions of might
 i - a potion of mutation
 k - 4 potions of magic
 t - 5 potions of haste
 A - 8 potions of ambrosia
 D - a potion of resistance


   Skills:
 - Level 12.0 Fighting
 + Level 5.0 Dodging
 * Level 8.1 Unarmed Combat
 + Level 13.2 Spellcasting
 - Level 2.0 Conjurations
 + Level 12.5 Transmutations
 - Level 2.0 Fire Magic
 - Level 2.0 Ice Magic
 - Level 2.0 Air Magic
 - Level 2.0 Poison Magic
 * Level 8.1 Evocations


You had 10 spell levels left.
You knew the following spells:

 Your Spells              Type           Power      Damage    Failure   Level
a - Beastly Appendage     Tmut           100%       N/A       1%          1
b - Wereblood             Tmut           50%        N/A       1%          2
c - Spider Form           Tmut/Pois      33%        N/A       1%          3
d - Ice Form              Ice/Tmut       33%        N/A       3%          4
e - Irradiate             Conj/Tmut      16%        3d18      10%         5
f - Blade Hands           Tmut           25%        N/A       1%          5
q - Mephitic Cloud        Conj/Pois/Air  16%        N/A       9%          3
w - Ignite Poison         Fire/Tmut/Pois 28%        N/A       1%          3
z - Passwall              Tmut/Erth      25%        N/A       1%          2

Your spell library contained the following spells:

 Spells                   Type           Power      Damage    Failure   Level
 Magic Dart               Conj           64%        1d6       3%          1
 Static Discharge         Conj/Air       16%        N/A       4%          2
 Sandblast                Erth           20%        2d7       7%          1
 Call Imp                 Summ           10%        N/A       10%         2
 Dazzling Flash           Conj/Hex       26%        N/A       13%         3
 Stone Arrow              Conj/Erth      26%        3d8       13%         3
 Sticky Flame             Conj/Fire      16%        2d4       28%         4
 Summon Lightning Spire   Summ/Air       13%        N/A       41%         4
 Animate Dead             Necr           5%         N/A       54%         4
 Dispel Undead            Necr           10%        3d9       54%         4
 Freezing Cloud           Conj/Ice/Air   8%         6-21      63%         5
 Iskenderun's Battlesphe  Conj           16%        2d7       63%         5
 Storm Form               Tmut/Air       16%        N/A       96%         7
 Iron Shot                Conj/Erth      6%         9d2       100%        6
 Haunt                    Necr/Summ      5%         N/A       100%        7
 Borgnjor's Revivificati  Necr           5%         N/A       100%        8
 Infestation              Necr           5%         N/A       100%        8
 Necromutation            Tmut/Necr      15%        N/A       100%        8
 Death's Door             Necr           5%         N/A       100%        9
 Fire Storm               Conj/Fire      8%         8d2       100%        9
 Animate Armour           Summ/Erth      Unusable   N/A       N/A         4

Dungeon Overview and Level Annotations

Branches:
Dungeon (12/15)            Temple (1/1) D:4            Lair (3/6) D:11
  Swamp (0/4) Lair:2       Spider (0/4) Lair:2          Orc (0/2) D:9
 Bailey (visited)         Gauntlet (1/1)

Altars:
Ashenzari
Cheibriados
Dithmenos
Elyvilon
Fedhas
Gozag
Hepliaklqana
Kikubaaqudgha
Makhleb
Nemelex Xobeh
Okawaru
Qazlal
Ru
Sif Muna
Trog
Uskayaw
Vehumet
Wu Jian
Xom
Yredelemnul
Zin
The Shining One

Shops:
D:7 *   D:9 ?*   D:10 *   D:12 :(   Lair:2 ?

Annotations:
Gauntlet 7 transporters, 3 runed translucent doors


Innate Abilities, Weirdness & Mutations

You can breathe bolts of dispelling energy.
Your rich purple scales are hard. (AC +8)
You cannot fit into any form of body armour.
You are cold-blooded and may be slowed by cold attacks.
You are very agile. (Dex +4)
Your natural rate of healing is unusually fast.


Message History

You become entangled in the net!
The hell hound barely misses you.
Things that are here:
a throwing net; the ring "Gimo" {MP+9 Str+3 Dex+4}
j - the ring "Gimo" {MP+9 Str+3 Dex+4} The hell hound bites you.
You tear a large gash into the net.
The hell hound bites you but does no damage.
You struggle against the net.
The hell beast bites you but does no damage.
The hell beast tramples you but does no damage.
You struggle against the net.
The hell hound bites you!
The hell beast bites you but does no damage.
The hell beast tramples you!
You hold your ground!
You rip the net and break free!
The hell hound barely misses you. The hell beast completely misses you.
The hell beast tramples you.
You hold your ground!
The hell hound barely misses you. The hell beast bites you!!
* * * LOW HITPOINT WARNING * * *
The hell beast tramples you.
* * * LOW HITPOINT WARNING * * *
You hold your ground!
Okay, then.
Okay, then.
Okay, then.
You feel better. The hell hound closely misses you.
The hell beast barely misses you.
The hell beast tramples you but does no damage.
The hell beast bites you!
* * * LOW HITPOINT WARNING * * *
The hell beast barely misses you. The hell hound breathes flames at you.
The blast of flame misses you. The hell hound closely misses you.
The hell beast bites you but does no damage.
The hell beast tramples you but does no damage.
There is a transporter here.
You feel better. The hell hound breathes flames at you.
The blast of flame hits you!
You die...
Your body crumbles into a pile of gold.

............ ..........
#......#
###########.©..©.#######
##≈#≈#§#≈#§########§#≈#≈#
##§....§..................
#§§.............∩.........
##§.###########..#########
#§..#!§§h@.§≈§#..#.[?©.?.#
##..#.§§2.≈§§§#..#.#^.^#.#
#≈..#.§§^.^≈^.#..#.#h..#.#
##..#^≈.≈§≈^§^#..#b##©##.#
#≈..#§§^≈h≈.≈§#..#hh#.#..#
##..#§.§.§.≈^.#..####.####
#≈..#.§§§§.≈≈.#..#.bhb..h#
##..#.§..§..≈.#..#########
#≈..#..≈§...≈.#.....#©#...


You could see a hell beast and 2 hell hounds.

Vanquished Creatures
  Snorg (D:9)
  2 vault guards (Bailey)
  Erolcha (D:10)
  An anaconda (Lair:1)
  A hydra (Lair:1)
  A death yak (Lair:1)
  An alligator (Lair:1)
  An orange crystal statue (D:10)
  An obsidian statue (D:10)
  A wolf spider zombie (D:11)
  An ugly thing (D:11)
  A manticore (D:9)
  A black mamba (Lair:2)
  An ice statue (Lair:2)
  7 elephants
  Joseph (D:7)
  4 torpor snails
  2 centaur skeletons (D:11)
  3 cane toads
  3 gargoyles (D:12)
  4 komodo dragons
  A redback zombie (D:11)
  An ice devil (Lair:2)
  3 hellwings (D:11)
  A polar bear (Lair:2)
  A tyrant leech (Lair:2)
  3 trolls
  A queen bee (D:9)
  The ghost of xaos the Chopper, an amateur HuWn of Kikubaaqudgha (D:5)
  Prince Ribbit (Bailey)
  Grinder (D:6)
  14 slime creatures
  4 blink frogs (Lair:3)
  3 small abominations (Gauntlet)
  2 wyverns
  A large abomination (Gauntlet)
  2 shadows (D:9)
  2 wraiths
  19 yaks
  3 basilisks
  8 humans (Bailey)
  A steam dragon (Lair:1)
  4 vampire mosquitoes
  A two-headed ogre zombie (D:9)
  An acid dragon (D:10)
  Duvessa (D:7)
  8 water moccasins
  An orc warrior (D:9)
  2 sky beasts
  5 black bears
  9 ice beasts
  2 necrophages
  13 wolves
  10 centaurs
  3 phantoms
  A gnoll sergeant (D:10)
  15 bullfrogs
  7 scorpions
  2 troll zombies (D:9)
  Dowan (D:7)
  2 water moccasin skeletons
  11 wights
  24 killer bees (D:9)
  2 electric eels (Lair:1)
  4 howler monkeys
  5 centaur zombies
  A bullfrog zombie (D:6)
  2 hounds
  2 bullfrog skeletons (D:5)
  4 iguanas
  3 orc wizards
  A scorpion zombie (D:5)
  6 hell rats
  5 ogre zombies (D:9)
  4 howler monkey zombies
  7 gnolls
  A howler monkey skeleton (D:6)
  11 adders
  A shadow imp (D:6)
  A white imp (D:6)
  A worm (D:2)
  2 dart slugs
  19 orcs
  6 ball pythons
  9 bats
  5 endoplasms
  4 giant cockroaches
  9 goblins
  7 hobgoblins
  4 jackals (D:4)
  4 quokkas
  3 frilled lizards
  4 goblin zombies (D:9)
  2 hobgoblin skeletons (D:9)
  3 hobgoblin zombies (D:9)
  11 kobolds
  15 orc zombies (D:9)
  5 rats
  A spectral kobold (D:9)
409 creatures vanquished.

Vanquished Creatures (others)
  An unseen horror (D:12)
  11 fungi
  7 plants
19 creatures vanquished.

Grand Total: 428 creatures vanquished

Notes
Turn   | Place    | Note
-------+----------+-------------------------------------------
     0 | D:1      | Zeld the Draconian Transmuter began the quest for the Orb.
     0 | D:1      | Reached XP level 1. HP: 16/16 MP: 3/3
    91 | D:1      | Found a faded altar of an unknown god.
   214 | D:1      | Reached XP level 2. HP: 22/23 MP: 3/5
   217 | D:1      | Learned a level 2 spell: Wereblood
   322 | D:2      | Reached skill level 1 in Ice Magic
   486 | D:2      | Reached skill level 1 in Poison Magic
   998 | D:2      | Reached XP level 3. HP: 24/28 MP: 4/6
  1002 | D:2      | Learned a level 3 spell: Spider Form
  1163 | D:3      | Reached XP level 4. HP: 11/36 MP: 5/7
  1498 | D:4      | Found a staircase to the Ecumenical Temple.
  1554 | Temple   | Entered the Ecumenical Temple
  2002 | D:4      | Reached XP level 5. HP: 28/42 MP: 6/8
  2332 | D:4      | Reached skill level 3 in Spellcasting
  2586 | Temple   | Became a worshipper of Gozag Ym Sagoz the Greedy
  3487 | D:1      | Learned a level 4 spell: Ice Form
  3550 | D:2      | Reached XP level 6. HP: 46/51 MP: 6/10
  4372 | D:3      | You fall into a shaft and drop 3 floors!
  4410 | D:6      | Noticed Grinder
  4427 | D:5      | Entered Level 5 of the Dungeon
  5049 | D:5      | Found a stormy altar of Qazlal.
  5572 | D:4      | Found a snail-covered altar of Cheibriados.
  5875 | D:5      | Noticed a water moccasin
  5882 | D:5      | Your scales start taking on a rich purple colour.
  5882 | D:5      | Reached skill level 4 in Spellcasting
  5882 | D:5      | Reached XP level 7. HP: 44/59 MP: 14/14
  5889 | D:5      | Reached skill level 5 in Spellcasting
  6322 | D:5      | Found a large runed translucent door.
  6322 | D:5      | Found a large runed translucent door.
  6326 | D:5      | Noticed xaos's ghost (amateur HuWn)
  6331 | D:5      | Learned a level 3 spell: Ignite Poison
  6335 | D:5      | Learned a level 3 spell: Mephitic Cloud
  6390 | D:5      | Found a bloodstained altar of Trog.
  6882 | D:5      | Reached skill level 1 in Conjurations
  6882 | D:5      | Reached skill level 1 in Fire Magic
  6882 | D:5      | Reached skill level 1 in Air Magic
  6947 | D:5      | Found a basalt altar of Yredelemnul.
  6949 | D:5      | Noticed a profane servitor
  6957 | D:5      | Found a glowing golden altar of the Shining One.
  6959 | D:5      | Noticed an angel
  7488 | D:6      | Reached skill level 5 in Fighting
  7574 | D:6      | Reached skill level 5 in Transmutations
  7718 | D:6      | Killed Grinder
  7719 | D:6      | Reached XP level 8. HP: 60/68 MP: 16/16
  7864 | D:6      | Found a shimmering blue altar of Sif Muna.
  8350 | D:7      | Noticed Dowan
  8351 | D:7      | Noticed Duvessa
  8357 | D:7      | Noticed Joseph
  8825 | D:7      | Found Dadonk's General Store.
  8828 | D:7      | Bought a potion of curing for 33 gold pieces
  8828 | D:7      | Bought a potion of haste for 110 gold pieces
  8828 | D:7      | Bought a potion of might for 44 gold pieces
  8828 | D:7      | Bought a potion of invisibility for 88 gold pieces
  8859 | D:7      | HP: 3/60 [wight/+4 trident (4)]
  9249 | D:7      | Reached skill level 6 in Spellcasting
 10232 | D:7      | HP: 2/64 [Joseph/+0 quarterstaff (15)]
 10234 | D:7      | Gained mutation: A frigid envelope surrounds you and
                  | freezes all who hurt you. [potion of mutation]
 10234 | D:7      | Gained mutation: You expend magic power (3 MP) to
                  | strengthen your wands. [potion of mutation]
 10738 | D:7      | Killed Dowan
 11654 | D:8      | Reached skill level 7 in Spellcasting
 11654 | D:8      | Reached XP level 9. HP: 53/78 MP: 19/19
 12616 | D:9      | HP: 3/96 [something (29)]
 12619 | D:9      | Reached skill level 8 in Spellcasting
 13183 | D:9      | Noticed a manticore
 13188 | D:9      | Killed a manticore
 13422 | D:9      | Found a broken altar of Ashenzari.
 13513 | D:9      | Noticed a troll
 13519 | D:9      | Killed a troll
 13520 | D:9      | Reached XP level 10. HP: 56/90 MP: 22/22
 13787 | D:9      | Reached skill level 9 in Spellcasting
 13929 | D:9      | Found a staircase to the Orcish Mines.
 15462 | D:9      | Found a hazy altar of Hepliaklqana.
 15471 | D:9      | Bought a scroll of blinking for 112 gold pieces
 15471 | D:9      | Bought a scroll of identify for 30 gold pieces
 15471 | D:9      | Bought a scroll of blinking for 112 gold pieces
 15471 | D:9      | Bought a scroll of identify for 30 gold pieces
 15471 | D:9      | Bought a scroll of identify for 30 gold pieces
 15471 | D:9      | Bought a scroll of identify for 30 gold pieces
 15471 | D:9      | Bought a scroll of fog for 30 gold pieces
 15471 | D:9      | Bought a scroll of immolation for 52 gold pieces
 15471 | D:9      | Bought a scroll of vulnerability for 112 gold pieces
 15527 | D:9      | Identified a scroll of acquirement
 15535 | D:9      | Acquired 1108 gold pieces
 15541 | D:9      | Bought a sharpened ivory wand for 116 gold pieces
 15541 | D:9      | Bought a scroll labelled XAFOCU PAOTEOQ for 29 gold pieces
 15541 | D:9      | Bought a potion of curing for 87 gold pieces
 15541 | D:9      | Bought a potion of curing for 87 gold pieces
 15541 | D:9      | Bought a scroll of teleportation for 87 gold pieces
 15555 | D:10     | Entered Level 10 of the Dungeon
 15555 | D:10     | Found a flagged portal.
 15561 | D:10     | Reached skill level 10 in Spellcasting
 15591 | Bailey   | Entered a bailey
 16091 | Bailey   | Reached skill level 10 in Fighting
 16221 | Bailey   | Reached XP level 11. HP: 31/99 MP: 9/25
 16919 | Bailey   | Noticed a vault guard
 16922 | Bailey   | Reached skill level 10 in Transmutations
 17029 | Bailey   | Killed a vault guard
 17030 | Bailey   | Reached skill level 11 in Spellcasting
 17570 | Bailey   | Noticed a vault guard
 17570 | Bailey   | Noticed Prince Ribbit
 17580 | Bailey   | Killed a vault guard
 17586 | Bailey   | Killed Prince Ribbit
 17973 | D:10     | Noticed Snorg
 18292 | D:7      | Killed Duvessa
 19147 | D:5      | Killed xaos's ghost
 19363 | D:7      | Killed Joseph
 19999 | D:10     | Found Biomak's Serpentskin Sales.
 20250 | D:10     | Noticed Erolcha
 20282 | D:10     | Killed Erolcha
 20283 | D:10     | Reached skill level 12 in Spellcasting
 20601 | D:10     | Found a sparkling altar of Nemelex Xobeh.
 20688 | D:10     | Found a shadowy altar of Dithmenos.
 20754 | D:10     | Noticed an orange crystal statue
 20769 | D:10     | Noticed an obsidian statue
 20940 | D:11     | Reached skill level 1 in Evocations
 21549 | D:10     | Lost mutation: A frigid envelope surrounds you and freezes
                  | all who hurt you. [potion of mutation]
 21549 | D:10     | Lost mutation: You expend magic power (3 MP) to strengthen
                  | your wands. [potion of mutation]
 21549 | D:10     | Gained mutation: Your natural rate of healing is unusually
                  | fast. [potion of mutation]
 22254 | D:11     | Found the +4 Cigotuvi's embrace {rMiasma Drain rN+}
 22418 | D:11     | Found a staircase to the Lair.
 22445 | D:11     | Reached XP level 12. HP: 107/107 MP: 28/28
 22544 | D:11     | Acquired Zeld's Collected Works on the Damaging Birds
 22554 | D:11     | Learned a level 5 spell: Irradiate
 23843 | D:12     | HP: 4/129 [gargoyle/stone arrow (9)]
 24231 | D:12     | Found Ciuptepn's Weapon Shoppe.
 24356 | D:12     | Reached skill level 5 in Unarmed Combat
 26279 | D:12     | Reached skill level 5 in Evocations
 26473 | Lair:1   | Entered Level 1 of the Lair of Beasts
 27028 | Lair:1   | Acquired 341 gold pieces
 27202 | Lair:1   | Noticed an eight-headed hydra
 27550 | Lair:1   | Noticed an anaconda
 27551 | Lair:1   | Noticed a seven-headed hydra
 28056 | D:10     | Learned a level 2 spell: Passwall
 28762 | D:9      | Found a staircase to the Orcish Mines.
 28798 | D:9      | Killed Snorg
 28945 | D:9      | Found Iwyuv's Magic Scroll Boutique.
 28949 | D:9      | Found a hazy altar of Hepliaklqana.
 28998 | D:9      | Found Rothetunn's Assorted Antiques.
 29054 | D:9      | Found a broken altar of Ashenzari.
 29368 | Lair:1   | Killed an anaconda
 29384 | Lair:1   | Killed a seven-headed hydra
 29551 | Lair:1   | Noticed a death yak
 29581 | Lair:1   | Killed a death yak
 29582 | Lair:1   | Reached XP level 13. HP: 117/117 MP: 10/29
 29938 | Lair:1   | Gained mutation: You occasionally shout uncontrollably at
                  | your foes. [mutagenic glow]
 30021 | Lair:1   | Learned a level 5 spell: Blade Hands
 30342 | Lair:2   | Identified the ring of Dechoub {Fly rC+ Str+6 Int+3}
 30444 | Lair:2   | Bought a scroll of amnesia for 63 gold pieces
 30444 | Lair:2   | Bought a scroll of identify for 36 gold pieces
 30444 | Lair:2   | Bought a scroll of teleportation for 54 gold pieces
 30444 | Lair:2   | Bought a scroll of fear for 63 gold pieces
 30444 | Lair:2   | Bought a scroll of enchant weapon for 135 gold pieces
 30840 | Lair:2   | Found a staircase to the Swamp.
 30958 | Lair:2   | Reached skill level 13 in Spellcasting
 31430 | Lair:2   | Found a hole to the Spider Nest.
 32422 | Lair:3   | Found a gate leading to a gauntlet.
 32435 | Gauntlet | Entered a Gauntlet
 32435 | Gauntlet | Found a transporter.
 32435 | Gauntlet | Found a transporter.
 32435 | Gauntlet | Found a transporter.
 32453 | Gauntlet | Found a transporter.
 32455 | Gauntlet | Found a transporter.
 32461 | Gauntlet | Found a runed translucent gate.
 32463 | Gauntlet | Found a runed translucent gate.
 32463 | Gauntlet | Found a transporter.
 32464 | Gauntlet | Found a runed translucent gate.
 32466 | Gauntlet | Found a transporter.
 32474 | Gauntlet | Found a transporter.
 32494 | Gauntlet | Found a transporter.
 32512 | Gauntlet | Found a transporter.
 32516 | Gauntlet | Found a transporter.
 32526 | Gauntlet | Found a transporter.
 32881 | Gauntlet | Reached skill level 5 in Dodging
 33059 | Gauntlet | Gained mutation: You tend to lose your temper in combat.
                  | [mutagenic glow]
 33066 | Gauntlet | Lost mutation: You occasionally shout uncontrollably at
                  | your foes. [potion of mutation]
 33066 | Gauntlet | Lost mutation: You tend to lose your temper in combat.
                  | [potion of mutation]
 33066 | Gauntlet | Lost mutation: Your natural rate of healing is unusually
                  | fast. [potion of mutation]
 33066 | Gauntlet | Gained mutation: Your natural rate of healing is unusually
                  | fast. [potion of mutation]
 33066 | Gauntlet | Gained mutation: You are agile. (Dex +2) [potion of
                  | mutation]
 33066 | Gauntlet | Gained mutation: You are very agile. (Dex +4) [potion of
                  | mutation]
 33305 | Gauntlet | Identified the ring "Gimo" {MP+9 Str+3 Dex+4}
 33315 | Gauntlet | Killed from afar by a hell hound

Illustrated notes

Levels and vault maps discovered:
D:1:      nicolae_arrival_somewhat_less_tricky_arrival, layout_loops_corners,
          hellmonk_ecumenical_altar_run_dry
D:2:      layout_basic
D:3:      layout_basic, chequers_jeans
D:4:      layout_basic, kennysheep_slug_shrine, minmay_temple_entry_ruins,
          minmay_misc_feat_alley, minmay_checkerbox
D:5:      layout_layer_cave, grunt_temple_overflow_holy_war,
          grunt_qazlal_sundering, trog_butcher_becter,
          ebering_ghost_disaster_area, amcnicky_mini_rare_corridor_liquid
D:6:      layout_rooms, marbit_many_paths, uniq_grinder
D:7:      layout_rooms, serial_shops, nicolae_stop_n_shop_2, uniq_joseph,
          uniq_duvessa
D:8:      layout_basic, minmay_strange_pillars, roderic_malta_cross
D:9:      layout_basic, nicolae_hepliaklqana_monster_ancestors,
          kennysheep_mini_moat, zombieorc2_lemuel, serial_corexii_hall,
          corexii_hall_statues_x, chequers_hall_statues_y, special_room
          [special_room_bee], serial_bayou_crossing
D:10:     minmay_separated_statues, layout_rooms, lemuel_tele_altar,
          nicolae_dithmenos_the_darkroom, enter_bailey_2, guppyfry_shop_venom,
          uniq_erolcha, uniq_snorg
D:11:     layout_irregular_city, david_lair_generic,
          hellmonk_guarded_unrand_cigotuvi
D:12:     layout_loops_ring, serial_shops, nicolae_shop_bloodbath_and_beyond
Temple:   minmay_temple_bridge_abc
Lair:1:   layout_long_grid, nicolae_lair_lakeside_cave,
          infiniplex_staircase_pool_2, lemuel_fruit_fields
Lair:2:   layout_cave_shapes, minmay_swamp_entry_worms,
          nicolae_spider_entry_non_spiders, ice2_lemuel
Lair:3:   layout_layer_cave, gauntlet_entry_generic, enter_volcano_4,
          lemuel_fruit_fields, uniq_nergalle
Gauntlet: minmay_gauntlet_mixed_big_or_small [nicolae_gauntlet_arena_grate_2,
          minmay_gauntlet_arena_77_checkered, gammafunk_gauntlet_arena_grid,
          minmay_gauntlet_arena_77_run_for_it,
          nicolae_gauntlet_arena_flowing_pool, minmay_gauntlet_arena_77_mirror,
          nicolae_gauntlet_exit_dead_adventurers]

Skill      XL: |  1  2  3  4  5  6  7  8  9 10 11 12 13 |
---------------+----------------------------------------+-----
Ice Magic      | 1 2 |  2.0
Poison Magic   | 1 2 |  2.0
Fighting       | 2 3 4 5 6 8 10 11 12 | 12.0
Transmutations | 3 4 5 6 8 9 11 12 | 12.5
Spellcasting   | 3 4 5 7 8 10 12 13 | 13.2
Conjurations   | 2 |  2.0
Fire Magic     | 1 2 |  2.0
Air Magic      | 1 2 |  2.0
Evocations     | 3 6 8 |  8.1
Dodging        | 2 4 5 |  5.0
Unarmed Combat | 4 6 8 |  8.1

Action                   |  1- 3 |  4- 6 |  7- 9 | 10-12 | 13-15 || total
-------------------------+-------+-------+-------+-------+-------++-------
Melee: Unarmed           |    84 |   193 |   271 |   609 |   178 ||  1335
       Kick              |    11 |    29 |     5 |       |       ||    45
       Headbutt          |    10 |    18 |     3 |       |       ||    31
       Tailslap          |     6 |    22 |     9 |       |    28 ||    65
       Punch             |     2 |     3 |       |       |    10 ||    15
 Cast: Beastly Appendage |    19 |    45 |     4 |       |       ||    68
       Wereblood         |       |     1 |     2 |     4 |     1 ||     8
       Spider Form       |       |     6 |     9 |     2 |     1 ||    18
       Ice Form          |       |       |    25 |    69 |     6 ||   100
       Mephitic Cloud    |       |       |     3 |    29 |       ||    32
       Ignite Poison     |       |       |     1 |    29 |       ||    30
       Irradiate         |       |       |       |    19 |    16 ||    35
       Passwall          |       |       |       |     3 |     1 ||     4
       Blade Hands       |       |       |       |       |    18 ||    18
Invok: Call Merchant     |       |       |       |     3 |     1 ||     4
 Abil: End Transformatio |       |       |     1 |       |       ||     1
       Breathe Dispellin |       |       |       |     2 |       ||     2
Evoke: Wand              |       |       |       |    13 |     5 ||    18
  Use: Potion            |       |       |     5 |     4 |     3 ||    12
       Scroll            |       |       |       |    22 |     6 ||    28
 Stab: Sleeping          |       |     1 |       |       |       ||     1
       Distracted        |       |       |       |     4 |     1 ||     5
       Confused          |       |       |       |     1 |       ||     1
Armor: Skin              |     7 |    71 |    69 |   306 |    82 ||   535
Dodge: Dodged            |    42 |   140 |   152 |   390 |   145 ||   869
